 Dungeon Crawl Stone Soup version 0.28.0-47-ge53b351184 (webtiles) character file.

Game seed: 6290112321979977368

104 pkoi the Sneak (level 4, -2/38 HPs)
             Began as a Demigod Delver on May 9, 2022.
             Slain by a black bear (3 damage)
             ... on level 2 of the Dungeon.
             The game lasted 00:03:48 (3130 turns).

pkoi the Sneak (Demigod Delver)                     Turns: 3130, Time: 00:03:49

Health: -2/38      AC: 13    Str: 13    XL:     4   Next: 28%
Magic:  6/6        EV:  9    Int: 22    God:
Gold:   34         SH:  0    Dex: 15    Spells: 3/3 levels left

rFire   . . .      SeeInvis .   c - +0 rapier (protect)
rCold   . . .      Faith    .   (no shield)
rNeg    . . .      Spirit   .   j - +0 scale mail
rPois   .          Reflect  .   (no helmet)
rElec   .          Harm     .   (no cloak)
rCorr   .          Rampage  .   (no gloves)
Will    +....                   (no boots)
Stlth   +.........              (no amulet)
HPRegen 0.12/turn               d - ring of willpower
MPRegen 0.10/turn               h - +6 ring of intelligence

@: under a protective aura, hasted, very quick
A: high MP 1, forlorn, divine attributes
a: no special abilities


You were on level 2 of the Dungeon.
You visited 1 branch of the dungeon, and saw 5 of its levels.

You collected 34 gold pieces.

Inventory:

Hand Weapons
 c - a +0 rapier of protection (weapon)
Armour
 a - a +0 leather armour
 j - a +0 scale mail (worn)
Jewellery
 d - a ring of willpower (left hand)
 h - a +6 ring of intelligence (right hand)
Wands
 f - a wand of digging (3)
Scrolls
 b - a scroll of fog
Potions
 g - 2 potions of attraction {unknown}


   Skills:
 + Level 3.3 Fighting
 + Level 1.6 Armour
 - Level 1.7 Dodging
 - Level 4.5 Stealth
 * Level 3.3 Unarmed Combat


You had 3 spell levels left.
You didn't know any spells.
Your spell library was empty.

Dungeon Overview and Level Annotations

Branches:
Dungeon (5/15)
 Temple: D:4-7


Innate Abilities, Weirdness & Mutations

You have an increased reservoir of magic. (+10% MP)
You shall have no god before yourself.
Your divine heritage dramatically boosts your attributes as you level up.


Message History

The black bear barely misses you. The black bear claws you.
* * * LOW HITPOINT WARNING * * *
The black bear claws you.
* * * LOW HITPOINT WARNING * * *
You hit the black bear.
The black bear is almost dead.
The black bear bites you but does no damage.
The black bear claws you but does no damage.
The black bear barely misses you.
Unknown command.
You hit the black bear.
The black bear is almost dead.
The black bear bites you.
* * * LOW HITPOINT WARNING * * *
The black bear claws you but does no damage. x2
The black bear bites you!
* * * LOW HITPOINT WARNING * * *
The black bear closely misses you. The black bear claws you.
* * * LOW HITPOINT WARNING * * *
Okay, then.
You feel yourself speed up. The black bear completely misses you.
The black bear claws you but does no damage. x2
The black bear completely misses you.
The black bear claws you but does no damage.
The black bear barely misses you.
You hit the black bear but do no damage.
The black bear is almost dead.
The black bear bites you but does no damage.
The black bear claws you but does no damage. x2
You barely miss the black bear.
The black bear is almost dead.
The black bear bites you.
* * * LOW HITPOINT WARNING * * *
The black bear claws you.
* * * LOW HITPOINT WARNING * * *
The black bear claws you but does no damage.
You hit the black bear.
The black bear is almost dead.
The black bear completely misses you. The black bear claws you.
You die...

....# .#.#.# ....#
.#.... ....# ####.....
## ....# #.....# ..
#+#.###.....##.####.
...................
###.#####..###.#.. # #.#
#....# #.#.# # #.#
#)...# #.#@# #
...##....# #.#h# #
#........# #.#S####
#.#.....#..###..l...#
..#.....#...........#
..#..........>......#
..<.....#.#######.###...
..#.....#.#####...# #..#
..+..<..+......l#+###..#
###


You could see a black bear (berserk), an adder and a frilled lizard.

Vanquished Creatures
  4 gnolls (D:1)
  2 adders (D:2)
  A dart slug (D:1)
  An orc (D:2)
  3 ball pythons (D:1)
  3 endoplasms
  2 giant cockroaches
  6 goblins
  2 hobgoblins (D:2)
  3 jackals (D:1)
  2 quokkas
  5 bats
  A frilled lizard (D:1)
  2 kobolds (D:1)
  5 rats (D:1)
42 creatures vanquished.

Notes
Turn   | Place    | Note
-------+----------+-------------------------------------------
     0 | D:5      | pkoi the Demigod Delver began the quest for the Orb.
     0 | D:5      | Reached XP level 1. HP: 18/18 MP: 3/3
   552 | D:3      | Noticed an iguana
   750 | D:3      | Noticed an orc wizard
   797 | D:2      | Noticed a black bear
   800 | D:2      | Reached XP level 2. HP: 6/25 MP: 4/4
  1519 | D:1      | Reached skill level 1 in Armour
  1640 | D:1      | Reached XP level 3. HP: 29/31 MP: 5/5
  2663 | D:1      | Reached XP level 4. HP: 28/38 MP: 6/6
  3129 | D:2      | HP: 1/38 [black bear (2)]
  3130 | D:2      | Slain by a black bear

Illustrated notes

Levels and vault maps discovered:
D:1:      onia_arrival_handbag, layout_basic
D:2:      layout_basic, minmay_pentomino_v4, uniq_natasha
D:3:      layout_loops_ring
D:4:      layout_gridville, nicolae_dithmenos_shadow_blocks,
          hangedman_abyss_or_decor_stagger
D:5:      layout_rooms, eat_drink_and_be_merry_uskayaw

Skill      XL: |  1  2  3 |
---------------+----------+-----
Unarmed Combat | 2 3 |  3.3
Fighting       | 3 |  3.3
Armour         | 1 |  1.6
Dodging        | |  1.7
Stealth        | |  4.5

Action                   |  1- 3 |  4- 6 || total
-------------------------+-------+-------++-------
Melee: Unarmed           |    10 |       ||    10
       Rapier            |   110 |    46 ||   156
       Punch             |     2 |     1 ||     3
Evoke: Wand              |     1 |       ||     1
  Use: Scroll            |     5 |       ||     5
       Potion            |     1 |     1 ||     2
 Stab: Sleeping          |     2 |       ||     2
Armor: Leather armour    |    11 |       ||    11
       Scale mail        |    52 |    42 ||    94
Dodge: Dodged            |    80 |    48 ||   128
